3AAA
HIALEAH DODOS @ AUGUSTA TIMBER HAWKS
07/29/2020
 
TOP OF THE 1ST
Hialeah Dodos batting - Pitching for Augusta Timber Hawks : RHP Robert Neal
Pitching: RHP Robert Neal
Batting: RHB Herman Cook 0-0: Ball
1-0: Called Strike
1-1: Foul Ball, location: 2F
1-2: Foul Ball, location: 2F
1-2: Fly out, F8 (Flyball, 78D)
Batting: SHB Esteban Márquez 0-0: Foul Ball, location: 2F
0-1: Ball
1-1: Ball
2-1: Ball
3-1: Ground out 3-1 (Groundball, 34)
Batting: LHB Paul Wilson 0-0: Called Strike
0-1: Ball
1-1: Ball
2-1: Fly out, F8 (Flyball, 8LM)
Top of the 1st over - 0 run(s), 0 hit(s), 0 error(s), 0 left on base; Hialeah 0 - Augusta 0
BOTTOM OF THE 1ST
Augusta Timber Hawks batting - Pitching for Hialeah Dodos : LHP Víctor Padilla
Pitching: LHP Víctor Padilla
Batting: LHB Mike Hanson 0-0: Reached on error, E5 (Groundball, 5)
Batting: RHB Tom Strickland 0-0: Ball
1-0: Ball
2-0: Ball
3-0: Swinging Strike
3-1: Fly out, F9 (Line Drive, 9M)
Batting: RHB Eddy Baxter 0-0: Called Strike
0-1: Ball
1-1: 2-RUN HOME RUN (Flyball, 78XD), Distance : 447 ft
Batting: SHB Lawrence Franklin 0-0: Ball
1-0: Foul Ball, location: 2F
1-1: Ball
2-1: Foul Ball, location: 2F
2-2: Foul Ball, location: 2F
2-2: Foul Ball, location: 2F
2-2: Ball
3-2: Base on Balls
Batting: RHB Hiwahikeiki Noelani 0-0: Ball
1-0: Ball
2-0: Ball
3-0: Base on Balls
Lawrence Franklin to second
Batting: LHB Eugene Lawrence 0-0: Foul Ball, location: 2F
0-1: SINGLE (Groundball, 13) (infield hit)
Lawrence Franklin to third
Hiwahikeiki Noelani to second
Batting: SHB José Salazar 0-0: Ball
1-0: Swinging Strike
1-1: Called Strike
1-2: Ball
2-2: Fly out, F9 (Flyball, 9M)
Runner from 3rd tags up, SCORES, throw made
Batting: RHB Claudio Mendoza 0-0: Ball
1-0: Ball
Hiwahikeiki Noelani is caught stealing 3rd base
Bottom of the 1st over - 3 run(s), 2 hit(s), 1 error(s), 0 left on base; Hialeah 0 - Augusta 3
TOP OF THE 2ND
Hialeah Dodos batting - Pitching for Augusta Timber Hawks : RHP Robert Neal
Batting: LHB Bobby Moore 0-0: Swinging Strike
0-1: Called Strike
0-2: Ball
1-2: Strikes out looking
Batting: RHB Ramón Gómez 0-0: Called Strike
0-1: Ball
1-1: Ball
2-1: Fly out, F5 (Popup, 5F)
Batting: LHB Jeff Conklin 0-0: Swinging Strike
0-1: Ball
1-1: SOLO HOME RUN (Flyball, 8LXD), Distance : 444 ft
Batting: RHB Peter Baker 0-0: Swinging Strike
0-1: Called Strike
0-2: Ball
1-2: SINGLE (Line Drive, 56)
Batting: RHB José Bravo 0-0: Called Strike
0-1: SINGLE (Groundball, 34D) (infield hit)
Peter Baker to second
Batting: RHB Kelly Flint 0-0: Ground out 4-3 (Groundball, 4)
Top of the 2nd over - 1 run(s), 3 hit(s), 0 error(s), 2 left on base; Hialeah 1 - Augusta 3
BOTTOM OF THE 2ND
Augusta Timber Hawks batting - Pitching for Hialeah Dodos : LHP Víctor Padilla
Batting: RHB Claudio Mendoza 0-0: Ball
1-0: Called Strike
1-1: Ball
2-1: Ball
3-1: Base on Balls
Batting: RHB Pedro Jiménez 0-0: Fielders Choice at 2nd, 1-6 (Groundball, 25)
Batting: LHB Mike Hanson 0-0: Ball
Pedro Jiménez is caught stealing 2nd base
1-0: Ball
2-0: Called Strike
2-1: Swinging Strike
2-2: Fly out, F7 (Flyball, 7M)
Bottom of the 2nd over - 0 run(s), 0 hit(s), 0 error(s), 0 left on base; Hialeah 1 - Augusta 3
TOP OF THE 3RD
Hialeah Dodos batting - Pitching for Augusta Timber Hawks : RHP Robert Neal
Batting: RHB Herman Cook 0-0: Ball
1-0: Foul Ball, location: 2F
1-1: Ball
2-1: Ball
3-1: Swinging Strike
3-2: Foul Ball, location: 2F
3-2: Base on Balls
Batting: SHB Esteban Márquez 0-0: Grounds into double play, U4-3 (Groundball, 4)
Batting: LHB Paul Wilson 0-0: Called Strike
0-1: SINGLE (Flyball, 78M)
Batting: LHB Bobby Moore 0-0: Ball
1-0: SINGLE (Groundball, 56D)
Paul Wilson to second
Batting: RHB Ramón Gómez 0-0: Ball
1-0: Called Strike
1-1: Ball
2-1: Foul Ball, location: 2F
2-2: DOUBLE (Flyball, 78XD)
Paul Wilson scores
Bobby Moore to third
Runner from 3rd tries for Home, SAFE, no throw or cutoff
Batting: LHB Jeff Conklin 0-0: Ball
1-0: Called Strike
1-1: Called Strike
1-2: Ball
2-2: Ball
3-2: Foul Ball, location: 2F
3-2: Foul Ball, location: 2F
3-2: Base on Balls
Batting: RHB Peter Baker 0-0: Fielders Choice at 2nd, 6-4 (Groundball, 56)
Top of the 3rd over - 2 run(s), 3 hit(s), 0 error(s), 1 left on base; Hialeah 3 - Augusta 3
BOTTOM OF THE 3RD
Augusta Timber Hawks batting - Pitching for Hialeah Dodos : LHP Víctor Padilla
Batting: RHB Tom Strickland 0-0: Fly out, F9 (Flyball, 9M)
Batting: RHB Eddy Baxter 0-0: SINGLE (Groundball, 34D)
Batting: SHB Lawrence Franklin 0-0: Ball
1-0: Ball
2-0: Ball
3-0: Base on Balls
Eddy Baxter to second
Batting: RHB Hiwahikeiki Noelani 0-0: Ball
1-0: Called Strike
1-1: Called Strike
1-2: Strikes out swinging
Batting: LHB Eugene Lawrence 0-0: Ball
1-0: Called Strike
1-1: Ball
2-1: Fly out, F7 (Flyball, 7S)
Bottom of the 3rd over - 0 run(s), 1 hit(s), 0 error(s), 2 left on base; Hialeah 3 - Augusta 3
TOP OF THE 4TH
Hialeah Dodos batting - Pitching for Augusta Timber Hawks : RHP Robert Neal
Batting: RHB José Bravo 0-0: Swinging Strike
0-1: Ball
1-1: Swinging Strike
1-2: Ball
2-2: Strikes out swinging
Batting: RHB Kelly Flint 0-0: Called Strike
0-1: Foul Ball, location: 2F
0-2: Ball
1-2: Strikes out swinging
Batting: RHB Herman Cook 0-0: Swinging Strike
0-1: Foul Ball, location: 2F
0-2: Foul Ball, location: 2F
0-2: Strikes out looking
Top of the 4th over - 0 run(s), 0 hit(s), 0 error(s), 0 left on base; Hialeah 3 - Augusta 3
BOTTOM OF THE 4TH
Augusta Timber Hawks batting - Pitching for Hialeah Dodos : LHP Víctor Padilla
Batting: SHB José Salazar 0-0: Called Strike
0-1: Foul Ball, location: 2F
0-2: SINGLE (Groundball, 34D)
Batting: RHB Claudio Mendoza 0-0: Ball
1-0: Ground out 4-3 (Groundball, 4M)
José Salazar to second
Batting: RHB Pedro Jiménez 0-0: Ball
1-0: SINGLE (Groundball, 56D)
José Salazar to third
Throwing error, E7
José Salazar scores
Pedro Jiménez to second
Batting: LHB Mike Hanson 0-0: Ball
1-0: Ball
2-0: Ground out 5-3 (Groundball, 56S)
Pedro Jiménez to third
Batting: RHB Tom Strickland 0-0: Ball
1-0: Fly out, F8 (Flyball, 8LM)
Bottom of the 4th over - 1 run(s), 2 hit(s), 1 error(s), 1 left on base; Hialeah 3 - Augusta 4
TOP OF THE 5TH
Hialeah Dodos batting - Pitching for Augusta Timber Hawks : RHP Robert Neal
Batting: SHB Esteban Márquez 0-0: Called Strike
0-1: Swinging Strike
0-2: Ground out U3 (Groundball, 3)
Batting: LHB Paul Wilson 0-0: Ball
1-0: Ball
2-0: DOUBLE (Line Drive, 7LS)
Batting: LHB Bobby Moore 0-0: Ball
1-0: Swinging Strike
1-1: Called Strike
1-2: Strikes out swinging
Batting: RHB Ramón Gómez 0-0: Ball
1-0: Ball
2-0: Foul Ball, location: 2F
2-1: Called Strike
2-2: Foul Ball, location: 2F
2-2: Ground out 5-3 (Groundball, 5S)
Top of the 5th over - 0 run(s), 1 hit(s), 0 error(s), 1 left on base; Hialeah 3 - Augusta 4
BOTTOM OF THE 5TH
Augusta Timber Hawks batting - Pitching for Hialeah Dodos : LHP Víctor Padilla
Batting: RHB Eddy Baxter 0-0: Called Strike
0-1: Ball
1-1: Swinging Strike
1-2: SOLO HOME RUN (Flyball, 7D), Distance : 411 ft
Batting: SHB Lawrence Franklin 0-0: Called Strike
0-1: Ball
1-1: Foul Ball, location: 2F
1-2: Fly out, F8 (Flyball, 8RM)
Batting: RHB Hiwahikeiki Noelani 0-0: Ball
1-0: Ball
2-0: Called Strike
2-1: SINGLE (Groundball, 6) (infield hit)
Batting: LHB Eugene Lawrence 0-0: Called Strike
0-1: Called Strike
0-2: Ball
Hiwahikeiki Noelani is caught stealing 2nd base
1-2: Ball
2-2: Ground out 4-3 (Groundball, 4)
Bottom of the 5th over - 1 run(s), 2 hit(s), 0 error(s), 0 left on base; Hialeah 3 - Augusta 5
TOP OF THE 6TH
Hialeah Dodos batting - Pitching for Augusta Timber Hawks : RHP Robert Neal
Batting: LHB Jeff Conklin 0-0: Ball
1-0: SINGLE (Line Drive, 34D)
Batting: RHB Peter Baker 0-0: Ball
Jeff Conklin is caught stealing 2nd base
1-0: Swinging Strike
1-1: Ball
2-1: Foul Ball, location: 2F
2-2: Foul Ball, location: 2F
2-2: Strikes out swinging
Batting: RHB José Bravo 0-0: Called Strike
0-1: Ball
1-1: Ball
2-1: SINGLE (Groundball, 56)
Batting: RHB Kelly Flint 0-0: Foul Ball, location: 2F
0-1: Foul Ball, location: 2F
0-2: Ball
1-2: Strikes out looking
Top of the 6th over - 0 run(s), 2 hit(s), 0 error(s), 1 left on base; Hialeah 3 - Augusta 5
BOTTOM OF THE 6TH
Augusta Timber Hawks batting - Pitching for Hialeah Dodos : LHP Víctor Padilla
Batting: SHB José Salazar 0-0: Ball
1-0: Called Strike
1-1: Foul Ball, location: 2F
1-2: Fly out, F3 (Line Drive, 34)
Batting: RHB Claudio Mendoza 0-0: Called Strike
0-1: Foul Ball, location: 2F
0-2: Fly out, F4 (Popup, 4M)
Batting: RHB Pedro Jiménez 0-0: Ball
1-0: Ball
2-0: Called Strike
2-1: Foul Ball, location: 2F
2-2: Strikes out swinging
Bottom of the 6th over - 0 run(s), 0 hit(s), 0 error(s), 0 left on base; Hialeah 3 - Augusta 5
TOP OF THE 7TH
Hialeah Dodos batting - Pitching for Augusta Timber Hawks : RHP Robert Neal
Batting: RHB Herman Cook 0-0: Called Strike
0-1: Foul Ball, location: 2F
0-2: Foul Ball, location: 2F
0-2: Foul Ball, location: 2F
0-2: Ball
1-2: Ball
2-2: Strikes out swinging
Batting: SHB Esteban Márquez 0-0: Foul Ball, location: 2F
0-1: Ball
1-1: Ball
2-1: Fly out, F8 (Flyball, 8RM)
Batting: LHB Paul Wilson 0-0: SINGLE (Line Drive, 8LS)
Batting: LHB Bobby Moore 0-0: Foul Ball, location: 2F
0-1: Fly out, F7 (Flyball, 78XD)
Top of the 7th over - 0 run(s), 1 hit(s), 0 error(s), 1 left on base; Hialeah 3 - Augusta 5
BOTTOM OF THE 7TH
Augusta Timber Hawks batting - Pitching for Hialeah Dodos : LHP Víctor Padilla
Batting: LHB Mike Hanson 0-0: Ball
1-0: Ball
2-0: Ground out 4-3 (Groundball, 34)
Batting: RHB Tom Strickland 0-0: Called Strike
0-1: Ball
1-1: Hit by Pitch
Batting: RHB Eddy Baxter 0-0: Swinging Strike
0-1: Ball
Wild Pitch!
Tom Strickland to second
1-1: Called Strike
1-2: Ball
2-2: Ball
3-2: Foul Ball, location: 2F
3-2: Base on Balls
Batting: SHB Lawrence Franklin 0-0: Foul Ball, location: 2F
0-1: Called Strike
Reached via error on a dropped throw, E6
Tom Strickland to third
Eddy Baxter to second
Batting: RHB Hiwahikeiki Noelani 0-0: Called Strike
0-1: Foul Ball, location: 2F
0-2: Ball
1-2: Foul Ball, location: 2F
1-2: Strikes out looking
Pitching: RHP Gary Williams
Pinch Hitting: LHB Chris Henry 0-0: Foul Ball, location: 2F
0-1: Ball
1-1: SINGLE (Line Drive, 4MD)
Tom Strickland scores
Eddy Baxter to third
Lawrence Franklin to second
Runner from 3rd tries for Home, SAFE, no throw or cutoff
Batting: SHB José Salazar 0-0: SINGLE (Groundball, 6MD)
Lawrence Franklin to third
Chris Henry to second
Runner from 3rd tries for Home, SAFE, no throw or cutoff
Batting: RHB Claudio Mendoza 0-0: Foul Ball, location: 2F
0-1: Called Strike
0-2: Ball
1-2: Foul Ball, location: 2F
1-2: Ball
2-2: SINGLE (Groundball, 4M)
Chris Henry to third
José Salazar to second
Runner from 3rd tries for Home, SAFE, no throw or cutoff
Batting: RHB Pedro Jiménez 0-0: Ball
1-0: Called Strike
1-1: Called Strike
1-2: Foul Ball, location: 2F
1-2: Ball
2-2: Ball
3-2: Ground out 5-3 (Groundball, 56S)
Bottom of the 7th over - 4 run(s), 3 hit(s), 1 error(s), 2 left on base; Hialeah 3 - Augusta 9
TOP OF THE 8TH
Hialeah Dodos batting - Pitching for Augusta Timber Hawks : RHP Robert Neal
Now in LF: Chris Henry
Batting: RHB Ramón Gómez 0-0: Ball
1-0: Swinging Strike
1-1: Swinging Strike
1-2: Ball
2-2: Strikes out swinging
Batting: LHB Jeff Conklin 0-0: Fly out, F6 (Popup, 7LS)
Batting: RHB Peter Baker 0-0: Ground out 1-3 (Groundball, 25)
Top of the 8th over - 0 run(s), 0 hit(s), 0 error(s), 0 left on base; Hialeah 3 - Augusta 9
BOTTOM OF THE 8TH
Augusta Timber Hawks batting - Pitching for Hialeah Dodos : RHP Gary Williams
Batting: LHB Mike Hanson 0-0: Ground out 6-3 (Groundball, 6M)
Batting: RHB Tom Strickland 0-0: Called Strike
0-1: Ball
1-1: Fly out, F9 (Flyball, 89M)
Batting: RHB Eddy Baxter 0-0: Ball
1-0: Ball
2-0: Ball
3-0: Called Strike
3-1: Base on Balls
Batting: SHB Lawrence Franklin 0-0: Foul Ball, location: 2F
0-1: Swinging Strike
0-2: Ball
1-2: Ball
2-2: Fly out, F7 (Flyball, 7LMF)
Bottom of the 8th over - 0 run(s), 0 hit(s), 0 error(s), 1 left on base; Hialeah 3 - Augusta 9
TOP OF THE 9TH
Hialeah Dodos batting - Pitching for Augusta Timber Hawks : RHP Robert Neal
Batting: RHB José Bravo 0-0: Ball
1-0: Foul Ball, location: 2F
1-1: Foul Ball, location: 2F
1-2: Strikes out looking
Batting: RHB Kelly Flint 0-0: Ball
1-0: Ball
2-0: Called Strike
2-1: Foul Ball, location: 2F
2-2: Ground out 1-3 (Groundball, 25)
Batting: RHB Herman Cook 0-0: Ball
1-0: Called Strike
1-1: Ball
2-1: Ball
3-1: Called Strike
3-2: Ground out 6-3 (Groundball, 6)
Top of the 9th over - 0 run(s), 0 hit(s), 0 error(s), 0 left on base; Hialeah 3 - Augusta 9
This league is powered by Out of the Park Baseball, the baseball management simulation game for PC, Mac and Linux
Friday, October 23rd, 2015 - OOTP Baseball 16.9 Build 39